 Dungeon Crawl Stone Soup version 0.26-a0-858-gbf766624f9 (webtiles) character file.

Game seed: 16259528294794626147

175 Qwerk the Sneak (level 5, -1/36 HPs)
             Began as an Octopode Brigand on Nov 25, 2020.
             Slain by ArcanElement's ghost (3 damage)
             ... on level 3 of the Dungeon.
             The game lasted 00:04:28 (3455 turns).

Qwerk the Sneak (Octopode Brigand)                  Turns: 3455, Time: 00:04:31

Health: -1/36      AC:  1    Str: 11    XL:     5   Next: 55%
Magic:  5/5        EV: 13    Int: 13    God:
Gold:   75         SH:  0    Dex: 14    Spells: 4/4 levels left

rFire    . . .     SeeInvis .   a - +2 dagger
rCold    . . .     Faith    .   (no shield)
rNeg     . . .     Spirit   .   (helmet restricted)
rPois    .         Reflect  .   (no amulet)
rElec    .         Harm     .   (no ring)
rCorr    .         Rampage  .   (no ring)
MR       .....                  (no ring)
Stlth    ++++......             (no ring)
HPRegen  0.12/turn              (no ring)
MPRegen  0.09/turn              (no ring)
                                (no ring)
                                (no ring)

@: no status effects
A: almost no armour, stealthy swim, amphibious, 8 rings, constrict 8, camouflage
1, gelatinous body 1
a: no special abilities


You were on level 3 of the Dungeon.
You visited 1 branch of the dungeon, and saw 3 of its levels.

You collected 75 gold pieces.

Inventory:

Hand Weapons
 a - a +2 dagger (weapon)
Missiles
 b - 22 poisoned darts (quivered)
 c - 2 curare-tipped darts
Wands
 m - a wand of flame (21)
Scrolls
 d - 2 scrolls of remove curse {unknown}
 e - a scroll of fear {unknown}
 h - 5 scrolls of identify {unknown}
 l - a scroll of magic mapping {unknown}
 n - a scroll of noise {unknown}
Potions
 f - a potion of brilliance {unknown}
 g - 2 potions of curing {unknown}
 i - a potion of might {unknown}
 j - a potion of cancellation {unknown}
 k - a potion of heal wounds {unknown}


   Skills:
 + Level 3.0 Fighting
 + Level 3.0 Short Blades
 + Level 2.9 Throwing
 + Level 2.2 Dodging
 + Level 6.5 Stealth


You had 4 spell levels left.
You didn't know any spells.
Your spell library contained the following spells:

 Spells                   Type           Power        Failure   Level
 Animate Skeleton         Necr           #.....       30%         1
 Apportation              Tloc           #.....       30%         1
 Corona                   Hex            #......      30%         1
 Summon Small Mammal      Summ           #...         30%         1


Dungeon Overview and Level Annotations

Branches:
Dungeon (3/15)

Altars:
Cheibriados
The Shining One
Beogh

Annotations:
D:3 ArcanElement's ghost, amateur DEWz


Innate Abilities, Weirdness & Mutations

You cannot wear most types of armour.
You are very stealthy in the water. (Stealth+)
You are amphibious.
You can wear up to eight rings at the same time.
You can use your tentacles to constrict eight enemies at once.
Your skin changes colour to match your surroundings (Stealth+).
Your rubbery body absorbs attacks. (AC +1, EV +1)


Message History

ArcanElement's ghost is severely damaged.
ArcanElement's ghost hits you.
* * * LOW HITPOINT WARNING * * *
You hit ArcanElement's ghost.
Your squeeze misses ArcanElement's ghost.
ArcanElement's ghost is almost destroyed.
The white imp closely misses you.
ArcanElement's ghost gestures wildly while chanting.
You hit ArcanElement's ghost but do no damage.
ArcanElement's ghost is almost destroyed.
The white imp misses you.
ArcanElement's ghost hits you but does no damage.
You miss ArcanElement's ghost.
Your squeeze misses ArcanElement's ghost.
ArcanElement's ghost is almost destroyed.
The white imp gestures at you. The puff of frost hits you!
* * * LOW HITPOINT WARNING * * *
ArcanElement's ghost hits you.
You die...

(. .# #.# .# .# ###.## .# .#
.... .## #### .# ##... ..
...##.# ...# .# #
......####.. #5###.## ...
............####W.....##(...
.....!..8......5@..)#......#
''o######...####.().........
...o....# #.)#####.##..
####....# #..# # ....###.# #
##.# .8.. 8#.#
###.#..#####.# ....... #
#............# [_[....8
#.####)####..# # ##...).##
.##


You could see ArcanElement's ghost, a white imp (summoned) and a shadow imp
(summoned).

Vanquished Creatures
  Crazy Yiuf (D:2)
  5 adders
  2 oozes
  2 worms
  4 dart slugs
  A leopard gecko (D:2)
  5 orcs (D:3)
  A giant cockroach (D:2)
  9 goblins
  11 hobgoblins
  8 jackals
  8 kobolds
  4 ball pythons (D:1)
  7 bats
  4 frilled lizards
  2 rats (D:2)
74 creatures vanquished.

Vanquished Creatures (others)
  A plant (D:2)
1 creature vanquished.

Grand Total: 75 creatures vanquished

Notes
Turn   | Place    | Note
-------+----------+-------------------------------------------
     0 | D:1      | Qwerk the Octopode Brigand began the quest for the Orb.
     0 | D:1      | Reached XP level 1. HP: 14/14 MP: 1/1
   166 | D:1      | Reached XP level 2. HP: 18/19 MP: 2/2
   765 | D:1      | Reached XP level 3. HP: 24/24 MP: 3/3
   934 | D:1      | Reached skill level 6 in Stealth
  1542 | D:2      | Reached XP level 4. HP: 30/30 MP: 4/4
  2177 | D:2      | Found a glowing golden altar of the Shining One.
  2469 | D:2      | Found a runed translucent door.
  2470 | D:2      | Noticed Crazy Yiuf
  2596 | D:2      | Killed Crazy Yiuf
  2597 | D:2      | Reached XP level 5. HP: 17/36 MP: 5/5
  3079 | D:3      | Found a runed translucent gate.
  3079 | D:3      | Found a runed translucent gate.
  3080 | D:3      | Found a runed translucent gate.
  3080 | D:3      | Noticed ArcanElement's ghost (amateur DEWz)
  3100 | D:3      | Found a roughly hewn altar of Beogh.
  3347 | D:3      | Found a snail-covered altar of Cheibriados.
  3455 | D:3      | Slain by ArcanElement's ghost

Illustrated notes

Levels and vault maps discovered:
D:1:      matt_arrival_refuge, layout_loops_ring, minmay_pentomino_p4
D:2:      wad_crossroads, layout_loops_ring, nicolae_overflow_crystal_walls,
          serial_forest, infiniplex_forest_lined_4_way,
          infiniplex_forest_lined_4_way, infiniplex_forest_lined_room_2,
          infiniplex_forest_end_2, infiniplex_forest_clump_curved,
          infiniplex_forest_end_3, uniq_crazy_yiuf_cottage
D:3:      layout_loops_ring, old_standard_altar, biasface_ghost_orc_armoury

Skill      XL: |  1  2  3  4  5 |
---------------+----------------+-----
Stealth        | 6 |  6.5
Dodging        | 2 |  2.2
Fighting       | 3 |  3.0
Short Blades   | 3 |  3.0
Throwing       | |  2.9

Action                   |  1- 3 |  4- 6 || total
-------------------------+-------+-------++-------
Melee: Dagger            |    70 |   103 ||   173
       Constrict         |    15 |    20 ||    35
       Tentacles         |     9 |    14 ||    23
Throw: Dart              |       |     5 ||     5
 Stab: Sleeping          |    14 |     7 ||    21
       Distracted        |       |     1 ||     1
Armor: Skin              |     9 |     5 ||    14
Dodge: Dodged            |    32 |    40 ||    72

Table legend: (Time is in decaauts)
 A = Elapsed time spent in this place.
 B = Non-inter-level travel time spent in this place.
 C = Inter-level travel time spent in this place.
 D = Time resting spent in this place.
 E = Time spent auto-exploring this place.
 F = Levels seen in this place.
 G = Mean time per level.
                   A        B        C        D        E       F      G
               +--------+--------+--------+--------+--------+-----+--------+
         Total |   3434 |   3376 |     58 |   1212 |   1480 |   3 | 1144.7 |
       Dungeon |   3434 |   3376 |     58 |   1212 |   1480 |   3 | 1144.7 |
               +--------+--------+--------+--------+--------+-----+--------+

Top non-repeatable levels by time:
     D:2: 1753 daAuts
     D:1: 1262 daAuts
     D:3: 418 daAuts
